 Dungeon Crawl Stone Soup version 0.20.0-15-g7f486f2 (webtiles) character file.

3617 Inarius the Zephyrmancer (level 9, -7/66 HPs)
             Began as a Black Draconian Air Elementalist on June 11, 2017.
             Was an Initiate of Hepliaklqana.
             Mangled by a two-headed ogre
             ... wielding a +0 giant club
              (8 damage)
             ... on level 8 of the Dungeon.
             The game lasted 00:37:05 (11396 turns).

Inarius the Zephyrmancer (DrAE)                    Turns: 11396, Time: 00:37:06

Health: -7/66      AC: 15    Str: 10    XL:     9   Next: 86%
Magic:  1/18       EV: 13    Int: 20    God:    Hepliaklqana [......]
Gold:   74         SH:  4    Dex: 11    Spells: 2/20 levels left

rFire    . . .     SeeInvis .   p - +0 scimitar (holy)
rCold    . . .     Gourm    .   o - +0 buckler
rNeg     . . .     Faith    .   (armour unavailable)
rPois    +         Spirit   .   (helmet restricted)
rElec    +         Reflect  .   (no cloak)
rCorr    .         Harm     .   g - +0 pair of gloves
MR       .....                  c - +1 pair of boots
Stlth    ++........             (no amulet)
Regen    0.3/turn               l - ring of poison resistance
MPRegen  0.2/turn               B - ring of wizardry

@: icy armour, short of breath, hasted, very quick
A: breathe lightning, unfitting armour, reduced essence, electricity resistance,
cold-blooded, AC +7
a: Breathe Lightning, Recall Ancestor, Ancestor Identity, Renounce Religion


You were on level 8 of the Dungeon.
You worshipped Hepliaklqana.
Hepliaklqana was noncommittal.
You were not hungry.

You visited 2 branches of the dungeon, and saw 9 of its levels.
You also visited: Ossuary.

You collected 494 gold pieces.
You spent 420 gold pieces at shops.

Inventory:

Hand Weapons
 p - a +0 scimitar of holy wrath (weapon)
Armour
 c - a +1 pair of boots (worn)
 g - a +0 pair of gloves (worn)
 o - a +0 buckler (worn)
Jewellery
 e - an uncursed ring of ice
 l - a ring of poison resistance (left hand)
 B - a ring of wizardry (right hand)
Wands
 C - a wand of flame (29/48)
Scrolls
 d - a scroll of magic mapping
 f - 7 scrolls of teleportation
 h - a scroll of blinking {unknown}
 j - 4 scrolls of remove curse
 n - 8 scrolls of enchant weapon
 s - a scroll of recharging {unknown}
 v - a scroll of summoning {unknown}
 w - a scroll of enchant armour {unknown}
 y - 2 scrolls of identify
Potions
 k - 3 potions of flight
 m - 2 potions of magic {unknown}
 q - 2 potions of curing {unknown}
 r - 2 potions of agility
 t - a potion of degeneration {unknown}
 u - a potion of haste
 x - a potion of brilliance
 z - a potion of mutation {unknown}
 D - a potion of invisibility {unknown}
Books
 a - a book of Air

   Spells                             Type                      Level
   a - Shock                          Conjuration/Air              1
   b - Swiftness                      Charms/Air                   2
   c - Static Discharge               Conjuration/Air              3
   d - Airstrike                      Air                          4
   e - Lightning Bolt                 Conjuration/Air              5
 A - a book of Frost

   Spells                             Type                      Level
   a - Freeze                         Ice                          1
   b - Throw Frost                    Conjuration/Ice              2
   c - Ozocubu's Armour               Charms/Ice                   3
   d - Throw Icicle                   Conjuration/Ice              4
   e - Summon Ice Beast               Ice/Summoning                4
Comestibles
 b - 3 bread rations
 i - 25 fruits
 E - a meat ration
 F - 3 chunks of flesh


   Skills:
 * Level 5.4 Fighting
 - Level 0.6 Long Blades
 + Level 3.3 Dodging
 - Level 1.8 Stealth
 - Level 4.0 Shields
 + Level 6.2 Spellcasting
 * Level 7.3 Conjurations
 * Level 2.0 Charms
 + Level 8.1 Air Magic
 * Level 2.4 Invocations


You had 2 spell levels left.
You knew the following spells:

 Your Spells              Type           Power        Failure   Level  Hunger
a - Shock                 Conj/Air       ####         1%          1    None
b - Swiftness             Chrm/Air       ####....     1%          2    None
c - Static Discharge      Conj/Air       #####...     1%          3    ##.....
d - Airstrike             Air            #####.....   1%          4    ####...
e - Lightning Bolt        Conj/Air       #####.....   4%          5    #####..
f - Ozocubu's Armour      Chrm/Ice       ##......     9%          3    ##.....


Dungeon Overview and Level Annotations

Branches:
Dungeon (8/15)             Temple (1/1) D:7            Lair (0/6) D:8

Altars:
Ashenzari
Elyvilon
Fedhas
Gozag
Hepliaklqana
Makhleb
Nemelex Xobeh
Ru
Sif Muna
Trog
Uskayaw
Vehumet
Zin

Shops:
D:4 =}%[   D:7 :


Innate Abilities, Weirdness & Mutations

You can breathe wild blasts of lightning.
Your glossy black scales are hard. (AC +7)
You cannot fit into any form of body armour.
You are resistant to electric shocks. (rElec)
You are cold-blooded and may be slowed by cold attacks.
Your life essence is reduced. (-10% HP)


Message History

Okay, then.
Okay, then.
You feel yourself speed up.
The two-headed ogre hits you but does no damage.
The two-headed ogre barely misses you.
You hit the two-headed ogre.
The two-headed ogre is almost dead.
You block the two-headed ogre's attack. The two-headed ogre closely misses you.
Casting: Static Discharge
Confirm with . or Enter, or press ? or * to list all spells.
Aiming: Shock
Press: ? - help, Shift-Dir - straight line, f/p - two-headed ogre
Aim: a two-headed ogre, wielding two giant clubs (almost dead)
The zap misses the two-headed ogre.
You hit the two-headed ogre.
The two-headed ogre is almost dead.
The two-headed ogre hits you with a giant club!
* * * LOW HITPOINT WARNING * * *
The two-headed ogre hits you with a giant club!
You die...

#.##.............##
#...............##
#.##.....#.####.#
#.#)....##.# #.#
#.#.##.###.# #.#
####....#.# #.# #.#
#.........# #.# #.#
#.........# #.# #.#
###....@....# #.#
#......O....# #.#
#!#....<..(.###.####.#
#......<..#........#
#.............######
#.........#.###
#.........#.###
###...........#
###....##.#.#


You could see a two-headed ogre.

Vanquished Creatures
  A two-headed ogre (D:8)
  2 hungry ghosts
  An orc warrior (D:6)
  2 phantoms
  4 ogres
  A sky beast (D:7)
  A centaur (D:4)
  A water moccasin zombie (D:8)
  3 killer bees
  4 wights (D:6)
  3 howler monkeys (D:7)
  A crimson imp (D:7)
  A bullfrog zombie (D:8)
  6 hounds
  7 orc priests
  6 orc wizards
  3 iguanas
  7 worker ants
  8 big kobold zombies (Ossuary)
  A mummy (Ossuary)
  A worker ant zombie (D:7)
  2 howler monkey skeletons
  3 gnolls (D:6)
  9 adders
  An ooze (D:5)
  An adder zombie (D:7)
  3 adder skeletons (D:4)
  2 worms
  4 dart slugs (D:1)
  8 leopard geckos
  30 orcs
  2 spectral bats (Ossuary)
  9 bats
  3 giant cockroaches
  4 gnoll zombies (Ossuary)
  4 goblins
  11 hobgoblins
  14 jackals
  5 kobolds
  3 quokkas
  3 ball pythons
  2 bat simulacra (Ossuary)
  3 frilled lizards
  3 goblin simulacra (Ossuary)
  8 goblin zombies (Ossuary)
  3 hobgoblin zombies (Ossuary)
  2 kobold simulacra (Ossuary)
  6 kobold zombies (Ossuary)
  An orc zombie (Ossuary)
  A quokka skeleton (D:7)
  A quokka zombie (D:8)
  8 rats
  6 rat simulacra (Ossuary)
  2 spectral goblins (Ossuary)
  4 spectral kobolds (Ossuary)
  A spectral rat (Ossuary)
236 creatures vanquished.

Vanquished Creatures (collateral kills)
  A big kobold (D:8)
  An orc priest (D:8)
  A worker ant (D:8)
  An adder (D:8)
4 creatures vanquished.

Vanquished Creatures (others)
  2 ancestors (D:8)
2 creatures vanquished.

Grand Total: 242 creatures vanquished

Notes
Turn   | Place    | Note
-------+----------+-------------------------------------------
     0 | D:1      | Inarius the Draconian Air Elementalist began the quest for the Orb.
     0 | D:1      | Reached XP level 1. HP: 14/14 MP: 3/3
   131 | D:1      | Reached XP level 2. HP: 13/20 MP: 1/5
   248 | D:1      | Learned a level 2 spell: Swiftness
  1025 | D:1      | Reached XP level 3. HP: 27/27 MP: 2/6
  1069 | D:1      | Learned a level 3 spell: Static Discharge
  1843 | D:2      | Reached skill level 1 in Fighting
  2330 | D:3      | Found a faded altar of an unknown god.
  2347 | D:3      | Found an opulent altar of Gozag.
  2355 | D:3      | Reached XP level 4. HP: 35/35 MP: 5/7
  3077 | D:4      | Found Xydin's Food Shop.
  3108 | D:4      | Found Quoffiw's Antique Armour Shoppe.
  3124 | D:4      | Reached skill level 4 in Air Magic
  3216 | D:4      | Reached skill level 1 in Shields
  3216 | D:4      | Reached XP level 5. HP: 40/40 MP: 2/8
  3454 | D:4      | Found Zusytoan's Gadget Shoppe.
  3571 | D:4      | Noticed a centaur
  3870 | D:4      | Killed a centaur
  3870 | D:4      | Reached XP level 6. HP: 20/48 MP: 5/10
  4723 | D:4      | Found Irykk's Jewellery Shoppe.
  5165 | D:4      | Found a blossoming altar of Fedhas.
  5448 | D:5      | Entered Level 5 of the Dungeon
  5452 | D:5      | Found a sand-covered staircase.
  5455 | Ossuary  | Entered an ossuary
  5621 | Ossuary  | Your scales start taking on a glossy black colour.
  5621 | Ossuary  | Reached skill level 5 in Air Magic
  5621 | Ossuary  | Reached XP level 7. HP: 50/56 MP: 11/11
  5621 | Ossuary  | Gained mutation: You are resistant to electric shocks. (rElec) [Black Draconian growth]
  5813 | Ossuary  | Learned a level 4 spell: Airstrike
  6564 | D:5      | Found a deep blue altar of Sif Muna.
  6759 | D:5      | Reached skill level 6 in Air Magic
  7583 | D:6      | Reached XP level 8. HP: 46/63 MP: 2/14
  7717 | D:6      | Reached skill level 5 in Conjurations
  7837 | D:6      | Learned a level 5 spell: Lightning Bolt
  9022 | D:6      | Reached skill level 5 in Spellcasting
  9022 | D:6      | Reached skill level 7 in Air Magic
  9314 | D:7      | Reached XP level 9. HP: 65/72 MP: 0/16
  9794 | D:7      | Reached skill level 5 in Fighting
 10032 | D:7      | Found Xumnetun's Book Shop.
 10224 | D:7      | Found a staircase to the Ecumenical Temple.
 10235 | Temple   | Entered the Ecumenical Temple
 10274 | Temple   | Became a worshipper of Hepliaklqana the Forgotten
 10456 | D:8      | Found a staircase to the Lair.
 10482 | D:7      | Bought a book of Frost for 420 gold pieces
 10486 | D:7      | Learned a level 3 spell: Ozocubu's Armour
 10688 | D:8      | Found a shattered altar of Ashenzari.
 10752 | D:8      | Noticed a two-headed ogre
 10788 | D:8      | Killed a two-headed ogre
 10788 | D:8      | Reached skill level 1 in Charms
 10788 | D:8      | Reached skill level 8 in Air Magic
 11380 | D:8      | Noticed a two-headed ogre
 11396 | D:8      | HP: 1/66 [two-headed ogre/giant club (13)]
 11396 | D:8      | Mangled by a two-headed ogre

Skill      XL: |  1  2  3  4  5  6  7  8  9 |
---------------+----------------------------+-----
Dodging        | 2 3 |  3.3
Fighting       | 1 2 3 4 5 |  5.4
Air Magic      | 4 5 6 7 8 |  8.1
Shields        | 1 2 3 4 |  4.0
Conjurations   | 2 3 4 5 7 |  7.3
Spellcasting   | 3 4 5 6 |  6.2
Charms         | 2 |  2.0
Invocations    | 2 |  2.4
Long Blades    | |  0.6
Stealth        | |  1.8

Action                   |  1- 3 |  4- 6 |  7- 9 || total
-------------------------+-------+-------+-------++-------
Melee: Unarmed           |    12 |       |       ||    12
       Tailslap          |     7 |     9 |    13 ||    29
       Short sword       |    12 |       |       ||    12
       Scimitar          |     7 |    64 |   131 ||   202
 Cast: Shock             |    76 |   149 |   227 ||   452
       Static Discharge  |     2 |    11 |    47 ||    60
       Swiftness         |       |     5 |    10 ||    15
       Airstrike         |       |       |    15 ||    15
       Ozocubu's Armour  |       |       |     3 ||     3
Invok: Recall Ancestor   |       |       |     1 ||     1
       Ancestor Identity |       |       |     1 ||     1
 Abil: Breathe Lightning |       |       |     3 ||     3
  Use: Scroll            |       |     9 |     3 ||    12
       Potion            |       |     1 |     1 ||     2
 Stab: Sleeping          |       |     2 |     4 ||     6
  Eat: Chunk             |     6 |    11 |    11 ||    28
       Fruit             |       |     1 |     2 ||     3
       Bread ration      |       |       |     2 ||     2
       Royal jelly       |       |       |     1 ||     1
Armor: Skin              |    18 |    80 |    74 ||   172
Dodge: Dodged            |    35 |    68 |   135 ||   238
Block: Buckler           |       |       |    32 ||    32
       Rpst.: Scimitar   |     4 |    17 |    31 ||    52
